 Dungeon Crawl Stone Soup version 0.28-a0-616-gdeb3d7f7b4 (webtiles) character file.

Game seed: 10081702154009320894

81 DungeonMaster the Skirmisher (level 4, 35/35 HPs)
             Began as a Demonspawn Wanderer on Oct 6, 2021.
             Quit the game on level 3 of the Dungeon.
             The game lasted 00:02:39 (2895 turns).

DungeonMaster the Skirmisher (Demonspawn Wanderer)  Turns: 2895, Time: 00:02:39

Health: 35/35      AC:  5    Str: 14    XL:     4   Next: 20%
Magic:  4/4        EV: 11    Int: 13    God:
Gold:   54         SH:  0    Dex: 12    Spells: 3/3 levels left

rFire   . . .      SeeInvis .   a - +2 mace
rCold   . . .      Faith    .   (no shield)
rNeg    . . .      Spirit   .   g - +0 ring mail
rPois   .          Reflect  .   (helmet restricted)
rElec   .          Harm     .   (no cloak)
rCorr   .          Rampage  .   (no gloves)
Will    .....                   (no boots)
Stlth   +.........              (no amulet)
HPRegen 0.11/turn               (no ring)
MPRegen 0.09/turn               (no ring)

@: no status effects
A: horns 1, demonic magic 1
a: no special abilities


You were on level 3 of the Dungeon.
You visited 1 branch of the dungeon, and saw 3 of its levels.

You collected 54 gold pieces.

Inventory:

Hand Weapons
 a - a +2 mace (weapon)
Missiles
 c - 79 stones (quivered)
 d - 42 arrows
 f - 38 bolts
Armour
 g - a +0 ring mail (worn)
 m - a +0 cloak
Scrolls
 n - a scroll of identify
Potions
 b - 2 potions of curing
 e - a potion of magic
 h - a potion of mutation {unknown}
 i - a potion of degeneration {unknown}
 j - 2 potions of haste {unknown}
 k - a potion of flight {unknown}
 l - a potion of cancellation {unknown}


   Skills:
 * Level 3.4 Fighting
 - Level 1.0 Long Blades
 - Level 2.6 Maces & Flails
 - Level 1.0 Armour
 * Level 2.6 Dodging
 - Level 1.0 Stealth
 - Level 1.0 Shields


You had 3 spell levels left.
You didn't know any spells.
Your spell library was empty.

Dungeon Overview and Level Annotations

Branches:
Dungeon (3/15)

Altars:

Shops:
D:2 ?


Innate Abilities, Weirdness & Mutations

You have a pair of small horns on your head.
Spells you cast may paralyse adjacent enemies.


Message History

The orc wizard points at you and mumbles some strange words.
The puff of flame hits you.
The orc wizard gestures at you while chanting.
The puff of flame hits you.
An orc wizard is nearby!
The orc wizard gestures at you while chanting.
You resist with significant effort.
You closely miss the orc wizard.
The orc wizard hits you with a +0 dagger.
You barely miss the orc wizard. You hit the orc wizard.
The orc wizard is heavily wounded.
The orc wizard gestures at you while chanting.
The magic dart hits you. The orc wizard misses you.
You hit the orc wizard.
The orc wizard is almost dead.
The orc wizard hits you but does no damage.
You hit the orc wizard.
You kill the orc wizard!
The orc throws a stone.
The stone closely misses you.
You have reached level 4!
You feel stronger.
Your demonic ancestry asserts itself...
A pair of horns grows on your head! The orc barely misses you.
Things that are here:
a +0 dagger; a +0 robe; an orc corpse You hit the orc.
The orc is heavily wounded.
The orc barely misses you. x2
You hit the orc but do no damage.
The orc is heavily wounded.
The orc hits you with a +0 flail.
You sock the orc!
You kill the orc!
c - 79 stones (gained 20)
Things that are here:
a +0 flail; an orc corpse
Things that are here:
a +0 dagger; a +0 robe; an orc corpse Are you sure you want to abandon this character and quit the game? (Confirm with "yes".)

##.........####....#
+.........+.......#
####.........####....#
....##.......## ##.#.#
##.##.###.....## ###.#
........##...## #.#
.#.##.#.###'## ##### #.#
...##.#.# #.# ##...###.#
.####.#.###.####@###....#
.##....>........)# #.####
.##.#.#.##...###.###.#
......#.#.....###...##
........##...## #####
....#######.## ##### #.#
#o# #.#


There were no monsters in sight!

Vanquished Creatures
  An orc wizard (D:3)
  An adder (D:2)
  A dart slug (D:2)
  An orc (D:3)
  3 bats
  5 endoplasms
  A giant cockroach (D:3)
  5 goblins
  5 hobgoblins
  5 quokkas
  6 ball pythons
  A frilled lizard (D:2)
  2 kobolds (D:2)
  4 rats
41 creatures vanquished.

Notes
Turn   | Place    | Note
-------+----------+-------------------------------------------
     0 | D:1      | DungeonMaster the Demonspawn Wanderer began the quest for
                  | the Orb.
     0 | D:1      | DungeonMaster set off with the following items: a +2 mace,
                  | 2 potions of curing, a +0 robe
     0 | D:1      | Reached XP level 1. HP: 16/16 MP: 1/1
   158 | D:1      | Found a faded altar of an unknown god.
   690 | D:1      | Gained mutation: Spells you cast may paralyse adjacent
                  | enemies. [demonic ancestry]
   690 | D:1      | Reached XP level 2. HP: 23/23 MP: 2/2
  1451 | D:2      | Found Raidgh's Magic Scroll Shop.
  1458 | D:2      | Reached XP level 3. HP: 27/28 MP: 3/3
  1619 | D:2      | Reached skill level 3 in Fighting
  2727 | D:3      | Gained mutation: You have a pair of small horns on your
                  | head. [demonic ancestry]
  2727 | D:3      | Reached XP level 4. HP: 18/35 MP: 4/4
  2895 | D:3      | Quit the game

Illustrated notes

Levels and vault maps discovered:
D:1:      lemuel_arrival_behind_the_door_large, layout_rooms,
          ebering_ecumenical_altar_abandoned, dk_noncrumbling_3
D:2:      layout_loops_ring, serial_shops, shop, hangedman_feature_mirror
D:3:      layout_loops_corners, minmay_goblin_kobold_house, uniq_robin

Skill      XL: |  1  2  3 |
---------------+----------+-----
Dodging        | 2 |  2.6
Fighting       | 3 |  3.4
Long Blades    | |  1.0
Maces & Flails | |  2.6
Armour         | |  1.0
Stealth        | |  1.0
Shields        | |  1.0

Action                   |  1- 3 |  4- 6 || total
-------------------------+-------+-------++-------
Melee: Mace              |   115 |     3 ||   118
  Use: Scroll            |     3 |       ||     3
 Stab: Sleeping          |     1 |       ||     1
Armor: Robe              |     3 |       ||     3
       Ring mail         |    44 |       ||    44
Dodge: Dodged            |    62 |     3 ||    65

Table legend: (Time is in decaauts)
 A = Elapsed time spent in this place.
 B = Non-inter-level travel time spent in this place.
 C = Inter-level travel time spent in this place.
 D = Time resting spent in this place.
 E = Time spent auto-exploring this place.
 F = Levels seen in this place.
 G = Mean time per level.
                   A        B        C        D        E       F      G
               +--------+--------+--------+--------+--------+-----+--------+
         Total |   2926 |   2883 |     43 |    907 |   1639 |   3 |  975.3 |
       Dungeon |   2926 |   2883 |     43 |    907 |   1639 |   3 |  975.3 |
               +--------+--------+--------+--------+--------+-----+--------+

Top non-repeatable levels by time:
     D:1: 1390 daAuts
     D:2: 1095 daAuts
     D:3: 439 daAuts
